[Event "Titled Tuesday Blitz April 18 Late 2023"]
[White "De Souza, Cristiano Gomes"]
[Black "Mikhalsky, Vladimir"]
[WhiteFideId "2151758"]
[BlackFideId "14144352"]
[WhiteElo "2068"]
[BlackElo "2236"]
[Result "0-1"]
[Round "02"]
[TimeControl "180+2"]
[Date "2023.04.18"]
[WhiteClock "0:00:02"]
[BlackClock "0:00:15"]

1. d4 Nf6 2. c4 g6 3. Nf3 Bg7 4. Nc3 O-O 5. e4 d6 6. Be2 e5 7. O-O Nc6 8. d5 Ne7 9. Ne1 Nd7 10. Be3 f5 11. f3 f4 12. Bf2 g5 13. Nb5 Nf6 14. Nxa7 Bd7 15. c5 Rxa7 16. cxd6 Nc8 17. dxc7 Qxc7 18. Rc1 Qa5 19. a3 Ra8 20. Nd3 Re8 21. Nc5 b6 22. Nxd7 Nxd7 23. d6 Bf8 24. Rc7 Ra7 25. Rxa7 Nxa7 26. b4 Qxa3 27. Qd5+ Kh8 28. g3 fxg3 29. hxg3 Qxb4 30. Rd1 Nc8 31. f4 Bxd6 32. Bg4 Nf6 33. Qf7 Rf8 34. Qe6 Nxg4 35. Qxg4 exf4 36. Bd4+ Qxd4+ 37. Rxd4 Bc5 38. gxf4 Bxd4+ 39. Kg2 gxf4 40. Kf3 Bg7 41. Qe6 b5 42. e5 b4 43. Qc4 Bxe5 44. Qxb4 Bg7 45. Qb7 Nd6 46. Qd5 Nf5 47. Qc5 Nd4+ 48. Kf2 f3 49. Qd5 h6 50. Qe4 Rb8 51. Kg3 Rf8 52. Kf2 Nf5 53. Qf4 Ne7 54. Qh4 Rf7 55. Qh5 Kg8 56. Qb5 Ng6 57. Qe8+ Bf8 58. Qe6 Kg7 59. Qd5 Be7 60. Qd4+ Bf6 61. Qd5 Ne5 62. Qe4 h5 63. Kg3 Ng4 0-1


[Site "https://www.chess.com"]

[Event "Titled Tuesday Blitz April 18 Late 2023"]
[White "Miszler, Levente"]
[Black "Antonio, Jorge Carlos"]
[WhiteFideId "763276"]
[BlackFideId "113190"]
[WhiteElo "2176"]
[BlackElo "2247"]
[Result "1-0"]
[Round "02"]
[TimeControl "180+2"]
[Date "2023.04.18"]
[WhiteClock "0:00:16"]
[BlackClock "0:00:18"]

1. e4 c5 2. Nf3 e6 3. d4 cxd4 4. Nxd4 a6 5. c4 Nc6 6. Be3 Nf6 7. Nc3 Bb4 8. Nxc6 bxc6 9. Qc2 O-O 10. Bd3 Ng4 11. Bd2 Bc5 12. O-O Qh4 13. h3 Nxf2 14. Rxf2 Qxf2+ 15. Kh1 Bd6 16. Ne2 Qh4 17. Rf1 Bc5 18. b4 Bd6 19. c5 Bc7 20. Nf4 e5 21. Ne2 d5 22. cxd6 Bxd6 23. Ng1 Bd7 24. Nf3 Qe7 25. Qb3 Be6 26. Bc4 Bxc4 27. Qxc4 Qe6 28. Qxc6 Rfc8 29. Qa4 f5 30. Ng5 Qe8 31. Qb3+ Kh8 32. Nf7+ Kg8 33. Nxd6+ Kf8 34. Nxe8 Rxe8 35. Rxf5+ Ke7 36. Rf7+ Kd8 37. Qd5+ 1-0


[Site "https://www.chess.com"]

[Event "Titled Tuesday Blitz April 18 Late 2023"]
[White "Harshal, Shahi"]
[Black "Jovic, Stanoje"]
[WhiteFideId "5048257"]
[BlackFideId "905020"]
[WhiteElo "2054"]
[BlackElo "2236"]
[Result "0-1"]
[Round "02"]
[TimeControl "180+2"]
[Date "2023.04.18"]
[WhiteClock "0:01:00"]
[BlackClock "0:02:23"]

1. e4 c6 2. d4 d5 3. exd5 cxd5 4. c4 Nf6 5. Nf3 Nc6 6. Nc3 Bg4 7. Be2 e6 8. c5 Ne4 9. Qc2 f5 10. Be3 Be7 11. a3 O-O 12. b4 f4 13. Bd2 Bxf3 14. gxf3 Nxd4 15. Qd1 Nxd2 16. Kxd2 a5 17. Rg1 axb4 18. Na4 bxa3 19. Ke1 Qa5+ 0-1


[Site "https://www.chess.com"]

[Event "Titled Tuesday Blitz April 18 Late 2023"]
[White "Georg, Heinz"]
[Black "Figorito, Nick"]
[WhiteFideId "4607295"]
[BlackFideId "30923689"]
[WhiteElo "2257"]
[BlackElo "2464"]
[Result "1-0"]
[Round "02"]
[TimeControl "180+2"]
[Date "2023.04.18"]
[WhiteClock "0:00:25"]
[BlackClock "0:00:04"]

1. c4 Nf6 2. Nc3 d5 3. cxd5 Nxd5 4. e4 Nxc3 5. dxc3 Qxd1+ 6. Kxd1 g6 7. Kc2 Bg7 8. Be3 O-O 9. Rd1 a5 10. a4 Bd7 11. b3 Bc6 12. f3 Nd7 13. Bc4 Rfd8 14. Ne2 Ne5 15. Bd5 e6 16. Bxc6 Nxc6 17. Nd4 Nxd4+ 18. Bxd4 Bxd4 19. Rxd4 Rxd4 20. cxd4 Rd8 21. Rd1 c6 22. Kc3 Kf8 23. Kc4 b6 24. g4 Ke7 25. g5 Rc8 26. f4 Rc7 27. Rd3 Rc8 28. Rh3 Rh8 29. b4 axb4 30. Kxb4 Kd7 31. Ra3 Ra8 32. a5 bxa5+ 33. Rxa5 Rb8+ 34. Kc5 Rb2 35. Ra7+ Kd8 36. Kd6 Rb8 37. Rxf7 Ke8 38. Rxh7 Rb4 39. Kxe6 Kf8 40. Kf6 Ke8 41. Kxg6 Rxd4 42. f5 Rxe4 43. f6 Rf4 44. h4 c5 45. Rc7 c4 46. h5 Kd8 47. Rc5 Kd7 48. h6 Kd6 49. Ra5 c3 50. Ra1 c2 51. Rc1 Rf2 52. h7 Rh2 53. Kg7 Ke6 54. h8=Q Rxh8 55. Kxh8 1-0


[Site "https://www.chess.com"]

[Event "Titled Tuesday Blitz April 18 Late 2023"]
[White "Shubenkova, Veronika"]
[Black "Estremera Panos, Sergio"]
[WhiteFideId "44124040"]
[BlackFideId "2200864"]
[WhiteElo "2027"]
[BlackElo "2253"]
[Result "1-0"]
[Round "02"]
[TimeControl "180+2"]
[Date "2023.04.18"]
[WhiteClock "0:00:54"]
[BlackClock "0:01:10"]

1. e4 c5 2. Nc3 Nc6 3. g3 g6 4. Bg2 Bg7 5. d3 e6 6. f4 d6 7. Nf3 Nge7 8. O-O O-O 9. Rb1 Rb8 10. Be3 b5 11. Ne2 b4 12. g4 f5 13. gxf5 exf5 14. Ng3 Qc7 15. h4 Be6 16. b3 fxe4 17. dxe4 Bg4 18. Qd2 Rbd8 19. Ng5 Nd4 20. f5 gxf5 21. exf5 Nexf5 22. Nxf5 Bxf5 23. Bd5+ Kh8 24. Bxd4 Bxd4+ 25. Kh2 Qg7 26. Qg2 h6 27. Nf7+ Rxf7 28. Qxg7+ Rxg7 29. Rxf5 Re8 30. Rbf1 Re2+ 31. Kh1 Be5 32. R5f2 Rxf2 33. Rxf2 Rg3 34. Rf8+ Kg7 35. Rf7+ Kg6 36. Rxa7 Rh3+ 37. Kg2 Rh2+ 38. Kf3 Rxc2 39. Be4+ 1-0


[Site "https://www.chess.com"]

[Event "Titled Tuesday Blitz April 18 Late 2023"]
[White "Torres Hernandez, Leslie Carolin"]
[Black "Koc, Przemyslaw"]
[WhiteFideId "8400504"]
[BlackFideId "1109081"]
[WhiteElo "1920"]
[BlackElo "2161"]
[Result "0-1"]
[Round "02"]
[TimeControl "180+2"]
[Date "2023.04.18"]
[WhiteClock "0:00:25"]
[BlackClock "0:01:01"]

1. e4 d6 2. d4 Nf6 3. Nc3 e5 4. Nf3 Nbd7 5. Bc4 Be7 6. O-O O-O 7. Re1 c6 8. a4 b6 9. dxe5 dxe5 10. Qe2 a6 11. Bg5 Bb7 12. Rad1 Qc7 13. h3 b5 14. axb5 axb5 15. Bb3 h6 16. Bh4 Nc5 17. Bg3 Nfd7 18. Nh4 Bxh4 19. Bxh4 b4 20. Nb1 Nxb3 21. cxb3 c5 22. Nd2 Nb6 23. Nf3 f6 24. Rc1 Rac8 25. Qb5 Rfd8 26. Bg3 Qc6 27. Qe2 Rd6 28. Nh4 Rcd8 29. Nf5 Rd2 30. Qg4 R8d7 31. Nxh6+ Kf8 32. Nf5 Rxb2 33. Qh5 Qe6 34. Rxc5 Qxb3 35. Rb5 Na4 36. Bh4 Nc3 37. Rb6 Qf7 38. Bxf6 Qxh5 39. Bxg7+ 0-1


[Site "https://www.chess.com"]

[Event "Titled Tuesday Blitz April 18 Late 2023"]
[White "Manukyan, Artyom"]
[Black "Harish, Neeraj"]
[WhiteFideId "13305786"]
[BlackFideId "30958130"]
[WhiteElo "2078"]
[BlackElo "1965"]
[Result "1/2-1/2"]
[Round "02"]
[TimeControl "180+2"]
[Date "2023.04.18"]
[WhiteClock "0:00:06"]
[BlackClock "0:00:02"]

1. e4 e5 2. Nf3 Nc6 3. Bc4 Nf6 4. d4 exd4 5. O-O Nxe4 6. Re1 d5 7. Bxd5 Qxd5 8. Nc3 Qh5 9. Nxe4 Be6 10. Neg5 O-O-O 11. Nxe6 fxe6 12. Rxe6 Bd6 13. Qe2 Rhf8 14. h3 Rde8 15. Bd2 Ne5 16. Rxe8+ Rxe8 17. Nxd4 Qxe2 18. Nxe2 Nf3+ 19. gxf3 Rxe2 20. Bc3 Bc5 21. Rf1 g6 22. Kg2 Rxc2 23. Kg3 b5 24. Kg4 Bxf2 25. Kg5 Be3+ 26. Kf6 Rh2 27. Re1 Bb6 28. f4 Rxh3 29. a3 Rf3 30. Be5 Bc5 31. Rh1 Bd6 32. Rxh7 Bxe5+ 33. Kxe5 Rf2 34. Rg7 Re2+ 35. Kf6 Rf2 36. Ke5 Re2+ 37. Kd4 Rxb2 38. Rxg6 Rf2 39. Ke3 Rf1 40. f5 Rxf5 41. Ke4 Rf1 42. Rg3 Kb7 43. Kd5 Kb6 44. Rg6+ Kb7 45. Kc5 a6 46. Kb4 Rf3 47. Rh6 Rf4+ 48. Kb3 Ra4 49. Rg6 c5 50. Rh6 a5 51. Rg6 Rf4 52. Rh6 a4+ 53. Kb2 b4 54. Rh5 bxa3+ 55. Kxa3 Kb6 56. Rh8 Kb5 57. Rc8 Rf3+ 58. Kb2 Kc4 59. Ra8 Kb4 60. Rb8+ Kc4 61. Ra8 a3+ 62. Ka2 Kb4 63. Rb8+ Kc4 64. Ra8 Kd4 65. Rd8+ Kc3 66. Kxa3 c4 67. Rc8 Kd3 68. Kb2 Rf2+ 69. Kc1 Kc3 70. Kb1 Rf1+ 71. Ka2 Rc1 72. Rc7 Kd3 73. Rh7 Kc2 74. Rh2+ Kc3 75. Rh3+ Kb4 76. Rh8 Rg1 77. Rb8+ Kc3 78. Rh8 Rg2+ 79. Ka3 Rg1 80. Rh3+ Kd4 81. Rh4+ Kd3 82. Rh3+ Ke2 83. Rh2+ Kf3 84. Rh3+ Kg4 85. Rc3 Kf5 86. Kb4 Rg4 87. Rxc4 Rxc4+ 88. Kxc4 1/2-1/2


[Site "https://www.chess.com"]

[Event "Titled Tuesday Blitz April 18 Late 2023"]
[White "Da Silva Junior, Sediney Mari"]
[Black "Kovalevsky, Stanislav"]
[WhiteFideId "2132079"]
[BlackFideId "13508598"]
[WhiteElo "1977"]
[BlackElo "2174"]
[Result "1-0"]
[Round "02"]
[TimeControl "180+2"]
[Date "2023.04.18"]
[WhiteClock "0:02:26"]
[BlackClock "0:01:30"]

1. e4 e6 2. Nf3 d5 3. e5 c5 4. b4 cxb4 5. a3 f6 6. d4 Nc6 7. Bb5 fxe5 8. Nxe5 Bd7 9. Qh5+ g6 10. Nxg6 Nf6 11. Qh4 hxg6 12. Qxh8 Nxd4 13. Bd3 Qe7 14. Bxg6+ Kd8 15. Bg5 Qc5 16. Bxf6+ Kc7 17. Bxd4 Qxc2 1-0


[Site "https://www.chess.com"]

[Event "Titled Tuesday Blitz April 18 Late 2023"]
[White "reevecanada"]
[Black "Coelho, Ramyres Santana"]
[BlackFideId "2120690"]
[WhiteElo "2452"]
[BlackElo "1888"]
[Result "0-1"]
[Round "02"]
[TimeControl "180+2"]
[Date "2023.04.18"]
[WhiteClock "0:01:51"]
[BlackClock "0:00:23"]

1. g3 Nf6 2. Bg2 g6 3. e3 Bg7 4. Ne2 O-O 5. O-O d6 6. d3 c6 7. Nd2 Qc7 8. Rb1 e5 9. b3 Nbd7 10. Bb2 Re8 11. c4 Nf8 12. d4 exd4 13. exd4 Bf5 14. Rc1 Ne4 15. Nc3 Nxc3 16. Bxc3 Bd3 17. Re1 Rxe1+ 18. Qxe1 Qd7 19. Nf3 Re8 20. Qd2 Be4 21. Re1 Bxf3 22. Bxf3 Rxe1+ 23. Qxe1 Qe6 24. d5 Qxe1+ 25. Bxe1 c5 26. b4 b6 27. a4 Nd7 28. Be2 h5 29. f4 f5 30. Kg2 Bd4 31. a5 Kf7 32. Bd3 Kf6 33. Kf3 Kf7 34. Bc2 Nf6 35. h3 Bb2 36. Ba4 Ba3 37. b5 Bb4 38. Bxb4 cxb4 39. a6 Ne4 40. g4 Nd2+ 41. Ke3 Nxc4+ 42. Kd4 Nb2 43. Bc2 fxg4 44. hxg4 hxg4 45. Be4 g3 46. Bg2 Nd1 47. Bf3 b3 48. Kd3 b2 49. Kc2 Ne3+ 50. Kxb2 g2 0-1


[Site "https://www.chess.com"]

[Event "Titled Tuesday Blitz April 18 Late 2023"]
[White "QuiesPrecatio"]
[Black "Romero Ruscalleda, Josep"]
[BlackFideId "2231859"]
[WhiteElo "2449"]
[BlackElo "2183"]
[Result "1-0"]
[Round "02"]
[TimeControl "180+2"]
[Date "2023.04.18"]
[WhiteClock "0:00:47"]
[BlackClock "0:00:42"]

1. d4 g6 2. Nf3 Bg7 3. e4 d6 4. Bc4 Nf6 5. Qe2 O-O 6. h3 c6 7. c3 Nxe4 8. Qxe4 d5 9. Bxd5 cxd5 10. Qe2 b6 11. b4 Qc7 12. O-O Re8 13. a4 Bf5 14. Bd2 Nd7 15. Na3 a6 16. Rac1 Nf6 17. c4 dxc4 18. Nxc4 Nd5 19. Nce5 Qd6 20. Rc6 Qd8 21. Rfc1 Rc8 22. Qxa6 Rxc6 23. Nxc6 Qd6 24. Nce5 Nxb4 25. Qb5 Rd8 26. Qxb4 Qd5 27. Qxb6 f6 28. Nc6 Rd7 29. a5 Bxh3 30. a6 Bg4 31. a7 Bxf3 32. a8=Q+ Kf7 33. Nd8+ Rxd8 34. Qaxd8 1-0


[Site "https://www.chess.com"]

[Event "Titled Tuesday Blitz April 18 Late 2023"]
[White "Cheng, Xiao"]
[Black "Kohler, Aran"]
[WhiteFideId "2022915"]
[BlackFideId "1002856"]
[WhiteElo "2445"]
[BlackElo "2228"]
[Result "0-1"]
[Round "02"]
[TimeControl "180+2"]
[Date "2023.04.18"]
[WhiteClock "0:00:24"]
[BlackClock "0:00:04"]

1. e4 c6 2. d4 d5 3. Nc3 dxe4 4. Nxe4 Bf5 5. Ng3 Bg6 6. Nf3 Nd7 7. Bc4 e6 8. O-O Bd6 9. c3 Ne7 10. Re1 b5 11. Bb3 O-O 12. Qe2 a6 13. Ne5 Bxe5 14. dxe5 Nc5 15. Be3 Nxb3 16. axb3 Qc7 17. Bc5 Rfd8 18. b4 Nd5 19. h4 Nf4 20. Qg4 Nd3 21. Re2 Nxc5 22. bxc5 h6 23. Ne4 Bxe4 24. Rxe4 Rd5 25. Qg3 h5 26. b4 a5 27. Qf3 g6 28. Qf4 a4 29. g4 hxg4 30. Kg2 Qe7 31. Qxg4 Kg7 32. h5 Rh8 33. hxg6 Rh6 34. Qg3 Rxg6 35. Rg4 Qc7 36. f4 Rd2+ 37. Kh3 Qd8 38. Rg5 Rd3 39. Rg1 Rxg3+ 40. R1xg3 Qd1 41. Rxg6+ fxg6 42. Rg2 Qh1+ 43. Kg3 a3 44. Rd2 Qc1 45. Rd7+ Kh6 46. Rd8 a2 47. Rh8+ Kg7 48. Rc8 a1=Q 49. Rc7+ Kh6 50. Rxc6 Qaxc3+ 51. Kg4 Qg1+ 52. Kh4 Qcg3# 0-1


[Site "https://www.chess.com"]

[Event "Titled Tuesday Blitz April 18 Late 2023"]
[White "Le Goff, Ronan"]
[Black "Ramadoss, Ashokkumar"]
[WhiteFideId "612073"]
[BlackFideId "5040990"]
[WhiteElo "2275"]
[BlackElo "2224"]
[Result "0-1"]
[Round "02"]
[TimeControl "180+2"]
[Date "2023.04.18"]
[WhiteClock "0:00:30"]
[BlackClock "0:00:33"]

1. d4 Nf6 2. c4 c5 3. e3 g6 4. Nc3 Bg7 5. Be2 O-O 6. h4 cxd4 7. exd4 h5 8. Nf3 d6 9. Bg5 Nc6 10. Qd2 Bg4 11. Bh6 Bxh6 12. Qxh6 Bxf3 13. Bxf3 Nxd4 14. O-O-O Nf5 15. Qd2 Rc8 16. Kb1 Rxc4 17. Qe2 Rd4 18. Bxb7 Qb6 19. Bf3 Rb8 20. Ka1 Rxd1+ 21. Rxd1 Nd4 22. Qd2 Nxf3 23. gxf3 Qb4 24. a3 Qxh4 25. Qe3 Rb7 26. Rd4 Qh1+ 27. Ka2 Qf1 28. Qg5 Qxf2 29. Rb4 Rxb4 30. axb4 Qxf3 31. Qb5 Qe3 32. Qb7 h4 33. b5 h3 34. Qc8+ Kg7 35. Nd1 Qe6+ 0-1


[Site "https://www.chess.com"]

[Event "Titled Tuesday Blitz April 18 Late 2023"]
[White "Storey, Charles H"]
[Black "Sariego Figueredo, Wilfredo"]
[WhiteFideId "406686"]
[BlackFideId "3500080"]
[WhiteElo "2196"]
[BlackElo "2309"]
[Result "1-0"]
[Round "02"]
[TimeControl "180+2"]
[Date "2023.04.18"]
[WhiteClock "0:00:22"]
[BlackClock "0:00:03"]

1. e4 c5 2. Nf3 a6 3. c3 d5 4. exd5 Qxd5 5. d4 e6 6. Be3 cxd4 7. cxd4 Nf6 8. Nc3 Qd6 9. Bd3 Be7 10. O-O O-O 11. Qd2 Nc6 12. Rad1 Nb4 13. Bb1 Nbd5 14. Bg5 b5 15. Ne5 Bb7 16. Rfe1 Rfd8 17. Qd3 Nb4 18. Qh3 g6 19. Nxf7 Kxf7 20. Bxf6 Bxf6 21. Qxh7+ Bg7 22. Qxg6+ Kg8 23. Rxe6 Qf4 24. Re7 Qf6 25. Qxf6 Bxf6 26. Rxb7 Bxd4 27. Rf1 Rac8 28. a3 Nc6 29. h4 Na5 30. Rh7 Nc4 31. Rh6 Nd2 32. Ba2+ Kg7 33. Rxa6 Nxf1 34. Kxf1 Bxc3 35. bxc3 Rxc3 36. g3 Rd2 37. Ra7+ Kh6 38. Bg8 Rc1+ 39. Kg2 Rcc2 40. Rf7 Rb2 41. Rf5 Rd4 42. Be6 1-0


[Site "https://www.chess.com"]

[Event "Titled Tuesday Blitz April 18 Late 2023"]
[White "BebeBonito2022"]
[Black "Sprenar, Petr"]
[BlackFideId "397164"]
[WhiteElo "2218"]
[BlackElo "2182"]
[Result "0-1"]
[Round "02"]
[TimeControl "180+2"]
[Date "2023.04.18"]
[WhiteClock "0:00:07"]
[BlackClock "0:01:05"]

1. d4 d5 2. c4 e6 3. Nc3 Bb4 4. a3 Bxc3+ 5. bxc3 Nf6 6. e3 O-O 7. Bd3 c6 8. Ne2 b6 9. O-O Ba6 10. cxd5 cxd5 11. Bb2 Qc8 12. Rc1 Bc4 13. f3 Qa6 14. Nf4 Nc6 15. Rf2 Bxd3 16. Nxd3 Rfe8 17. Nb4 Nxb4 18. cxb4 Rac8 19. Rfc2 b5 20. Rc7 h5 21. Qc2 Rxc7 22. Qxc7 Qa4 23. h4 Qb3 24. Qc3 Qxc3 25. Rxc3 Re7 26. Rc8+ Kh7 27. Bc1 Rb7 28. Bd2 Nd7 29. Be1 Nb6 30. Bg3 Nc4 0-1


[Site "https://www.chess.com"]

[Event "Titled Tuesday Blitz April 18 Late 2023"]
[White "Hon, Eric"]
[Black "Marczuk, Dominik"]
[WhiteFideId "2097117"]
[BlackFideId "1111264"]
[WhiteElo "1918"]
[BlackElo "2174"]
[Result "1-0"]
[Round "02"]
[TimeControl "180+2"]
[Date "2023.04.18"]
[WhiteClock "0:01:25"]
[BlackClock "0:00:01"]

1. e4 c5 2. Nf3 Nc6 3. d4 cxd4 4. Nxd4 g6 5. Nc3 Bg7 6. Be3 Nf6 7. h3 O-O 8. f4 d6 9. Qf3 Nxd4 10. Bxd4 e5 11. fxe5 dxe5 12. Be3 Be6 13. Bd3 Qa5 14. O-O Rac8 15. Kh1 Nd7 16. Nd5 Bxd5 17. exd5 f5 18. Qe2 Qxd5 19. Rad1 Qf7 20. b3 Kh8 21. Bc4 Qe7 22. Bxa7 b6 23. Bb5 Rc7 24. Bxd7 Rxa7 25. Ba4 e4 26. Rd5 Be5 27. Rfd1 Bc7 28. Qb5 Ra5 29. Qd7 Qxd7 30. Rxd7 Be5 31. Rb7 Rc5 32. b4 Rc4 33. Rdd7 e3 34. Rxh7+ Kg8 35. Bb3 Rc8 36. Rhe7 Bf6 37. Rec7 1-0


[Site "https://www.chess.com"]

[Event "Titled Tuesday Blitz April 18 Late 2023"]
[White "Osmonbekov, Talaibek"]
[Black "Golubev, Mikhail"]
[WhiteFideId "2017253"]
[BlackFideId "14100983"]
[WhiteElo "2135"]
[BlackElo "2374"]
[Result "1-0"]
[Round "02"]
[TimeControl "180+2"]
[Date "2023.04.18"]
[WhiteClock "0:00:25"]
[BlackClock "0:00:01"]

1. d4 Nf6 2. Bf4 d6 3. Nc3 Nbd7 4. Nf3 c5 5. e3 cxd4 6. exd4 g6 7. Bc4 Bg7 8. O-O O-O 9. Re1 Nb6 10. Bb3 Bd7 11. a4 d5 12. Qe2 e6 13. a5 Nc8 14. Ne5 Ne7 15. Qd2 Nc6 16. Bg5 Qc7 17. Nb5 Qc8 18. Nd6 Qc7 19. Nb5 Qc8 20. Nc3 Qc7 21. a6 bxa6 22. Rxa6 Qb7 23. Ra3 Rfc8 24. Qf4 1-0


[Site "https://www.chess.com"]

[Event "Titled Tuesday Blitz April 18 Late 2023"]
[White "Prydun, Andriy"]
[Black "Murugappan, Ganesh"]
[WhiteFideId "14145898"]
[BlackFideId "2080516"]
[WhiteElo "2164"]
[BlackElo "2209"]
[Result "1-0"]
[Round "02"]
[TimeControl "180+2"]
[Date "2023.04.18"]
[WhiteClock "0:00:23"]
[BlackClock "0:00:02"]

1. e4 c5 2. Nf3 Nc6 3. Bb5 e6 4. O-O Nge7 5. c3 a6 6. Ba4 b5 7. Bc2 d5 8. d4 cxd4 9. Nxd4 Bb7 10. Bg5 Nxd4 11. Qxd4 dxe4 12. Qe3 f6 13. Bf4 e5 14. Bg3 Nf5 15. Qe2 Nxg3 16. fxg3 Bc5+ 17. Kh1 e3 18. Qh5+ g6 19. Bxg6+ hxg6 20. Qxh8+ Kf7 21. Qh7+ Ke6 22. Na3 Qd3 23. Rae1 Qe4 24. Qh3+ Kf7 25. Qd7+ Kg8 26. Re2 Rc8 27. Nc2 Rf8 28. Ne1 Rf7 29. Qd3 Qxd3 30. Nxd3 Rd7 31. Nxc5 Rc7 32. Nxb7 Rxb7 33. Rxe3 1-0


[Site "https://www.chess.com"]

[Event "Titled Tuesday Blitz April 18 Late 2023"]
[White "Gardezi, Arsal"]
[Black "Kubatko, Ivan"]
[WhiteFideId "30949521"]
[BlackFideId "24111473"]
[WhiteElo "1906"]
[BlackElo "2285"]
[Result "0-1"]
[Round "02"]
[TimeControl "180+2"]
[Date "2023.04.18"]
[WhiteClock "0:01:10"]
[BlackClock "0:01:59"]

1. e4 d5 2. exd5 Qxd5 3. Nc3 Qa5 4. d4 Nf6 5. Nf3 Bg4 6. Be2 Nc6 7. Bf4 O-O-O 8. Be3 e5 9. O-O Bxf3 10. Bxf3 exd4 11. Bxc6 bxc6 12. Bxd4 c5 13. Bxf6 Rxd1 14. Raxd1 gxf6 15. Nd5 Bd6 16. Rfe1 f5 17. Ne3 Re8 18. c3 f4 19. Nc4 Rxe1+ 20. Rxe1 Qxa2 0-1


[Site "https://www.chess.com"]

[Event "Titled Tuesday Blitz April 18 Late 2023"]
[White "Volkmann, Andre Jordi"]
[Black "Estrada Nieto, Julian"]
[WhiteFideId "2154463"]
[BlackFideId "5101018"]
[WhiteElo "1999"]
[BlackElo "2161"]
[Result "1-0"]
[Round "02"]
[TimeControl "180+2"]
[Date "2023.04.18"]
[WhiteClock "0:00:23"]
[BlackClock "0:00:12"]

1. d4 d5 2. c4 dxc4 3. Nc3 a6 4. a4 Nc6 5. e3 Na5 6. Nf3 Nf6 7. Ne5 Be6 8. Bd2 g6 9. Qc2 Bg7 10. Ne4 Nb3 11. Nxf6+ exf6 12. Nxc4 Nxa1 13. Qd1 b5 14. Na5 O-O 15. Qxa1 f5 16. Be2 c5 17. Nb7 Qd5 18. Bf3 Qc4 19. Nxc5 Rac8 20. Be2 Qa2 21. Qxa2 Bxa2 22. axb5 axb5 23. O-O Bc4 24. Bxc4 bxc4 25. Rc1 Rb8 26. Nd7 Rxb2 27. Nxf8 Rxd2 28. Nd7 Bf8 29. Ne5 c3 30. Nf3 Rb2 31. Ne1 Ba3 32. Kf1 Ra2 33. Rxc3 Bb4 34. Rc1 h5 35. Nd3 Ba3 36. Rb1 Bd6 37. g3 Kg7 38. Nf4 Bxf4 39. gxf4 h4 40. Kg2 Rd2 41. Rb7 Kf6 42. Kf3 h3 43. Rb8 Ke6 44. Rh8 Rd1 45. Rxh3 Rg1 46. Rh7 Rd1 47. Ke2 Rb1 48. h4 Rb2+ 49. Kf3 Kf6 50. h5 gxh5 51. Rxh5 Kg6 52. Rh8 Kf6 53. Re8 Rc2 54. Re5 Rb2 55. Kg3 Rc2 56. f3 Rc1 57. e4 Rg1+ 58. Kf2 Rd1 59. Rxf5+ Kg7 60. d5 Rd3 61. Kg3 Ra3 62. d6 Rd3 63. Rd5 Rxd5 64. exd5 Kf8 65. Kg4 Ke8 66. Kf5 Kd7 67. Kf6 Kxd6 68. Kxf7 Kxd5 69. Kg6 Ke6 70. f5+ Ke7 71. f6+ Kf8 72. f7 Ke7 73. Kg7 Ke6 74. f8=Q Ke5 75. Qf6+ Kd5 76. Qe7 Kc4 77. f4 Kd3 78. f5 Kc4 79. f6 Kd5 80. f7 Kc6 81. f8=Q Kb5 82. Qfd8 1-0


[Site "https://www.chess.com"]

[Event "Titled Tuesday Blitz April 18 Late 2023"]
[White "Shapiro, Viktor"]
[Black "Broca Jimenez, Fernando"]
[WhiteFideId "4175700"]
[BlackFideId "5104742"]
[WhiteElo "2152"]
[BlackElo "2062"]
[Result "1-0"]
[Round "02"]
[TimeControl "180+2"]
[Date "2023.04.18"]
[WhiteClock "0:00:54"]
[BlackClock "0:00:22"]

1. c4 Nf6 2. Nc3 g6 3. g3 Bg7 4. Bg2 d6 5. Nf3 O-O 6. d3 Nbd7 7. Rb1 e5 8. b4 c6 9. O-O Qc7 10. b5 Re8 11. bxc6 bxc6 12. Ba3 e4 13. dxe4 Nxe4 14. Nxe4 Rxe4 15. Bxd6 Qa5 16. Qc2 Re6 17. Rfd1 Ba6 18. Bb4 Qc7 19. Ng5 Ree8 20. Ba5 Qxa5 21. Nxf7 Kxf7 22. Rxd7+ Re7 23. Rxe7+ Kxe7 24. Bxc6 Rd8 25. Bb7 Kf8 26. Bxa6 Qxa6 27. Qe4 Rd7 28. Rb8+ Kf7 29. Qe8+ Kf6 30. Qxd7 Qe6 31. Qxe6+ Kxe6 32. Rb7 Bd4 33. e3 Bc5 34. Rxh7 g5 35. g4 Kf6 36. h3 Ke5 37. Rd7 Ke4 38. Rd5 Bb6 39. Kg2 Bc7 40. Rxg5 Be5 41. Rxe5+ Kxe5 42. f4+ 1-0


[Site "https://www.chess.com"]

[Event "Titled Tuesday Blitz April 18 Late 2023"]
[White "Federzoni, Enzo"]
[Black "Prithu Gupta"]
[WhiteFideId "2173301"]
[BlackFideId "46618546"]
[WhiteElo "2039"]
[BlackElo "2344"]
[Result "0-1"]
[Round "02"]
[TimeControl "180+2"]
[Date "2023.04.18"]
[WhiteClock "0:00:18"]
[BlackClock "0:00:52"]

1. e4 e5 2. Nf3 Nc6 3. d4 exd4 4. Nxd4 g6 5. Nc3 Bg7 6. Be3 Nge7 7. Bc4 O-O 8. O-O d6 9. Qd2 Nxd4 10. Bxd4 Be6 11. Bb3 Bxb3 12. axb3 f5 13. Bxg7 Kxg7 14. exf5 Nxf5 15. Rfe1 c6 16. Rad1 d5 17. Ne2 Qf6 18. Qc3 Rae8 19. Qxf6+ Kxf6 20. Kf1 Nd6 21. f3 Re5 22. Nf4 Rfe8 23. Rxe5 Rxe5 24. Nd3 Re7 25. Ra1 a6 26. Kf2 Nb5 27. Ra4 g5 28. h4 h6 29. hxg5+ hxg5 30. g3 Rh7 31. Kg2 Nd6 32. f4 g4 33. Ne5 Kf5 34. c4 d4 35. Ra5 Ke4 36. Nxg4 Rg7 37. Nf2+ Ke3 38. Re5+ Kd2 39. Kf3 d3 40. c5 Nb5 41. g4 Rd7 42. Re3 Nd4+ 43. Ke4 Re7+ 44. Kxd4 Rxe3 45. g5 Rf3 46. Ne4+ Ke2 47. g6 Rxf4 48. g7 Rg4 49. Ke5 Rxg7 50. Nc3+ Ke3 0-1


[Site "https://www.chess.com"]

[Event "Titled Tuesday Blitz April 18 Late 2023"]
[White "mistrzemi"]
[Black "ayme97"]
[WhiteElo "2436"]
[BlackElo "2195"]
[Result "1/2-1/2"]
[Round "02"]
[TimeControl "180+2"]
[Date "2023.04.18"]
[WhiteClock "0:01:15"]
[BlackClock "0:00:30"]

1. e4 c5 2. d4 cxd4 3. c3 d3 4. c4 d6 5. Nc3 e6 6. Bxd3 Be7 7. Nf3 Nf6 8. O-O Nbd7 9. Re1 O-O 10. h3 a6 11. Bf4 e5 12. Be3 b6 13. Nd5 Nxd5 14. cxd5 b5 15. Rc1 Bb7 16. Qd2 Rc8 17. Rxc8 Qxc8 18. Rc1 Qb8 19. Ne1 Rc8 20. Nc2 Bd8 21. Nb4 Ba5 22. a3 Nc5 23. Qd1 Bxb4 24. axb4 Nxd3 25. Rxc8+ Bxc8 26. Qxd3 Qc7 27. Qc3 Qxc3 28. bxc3 f5 29. f3 Kf7 30. Ba7 Ke7 31. Kf2 f4 32. Ke2 g5 33. Kd3 h5 34. Bf2 g4 35. Bh4+ Ke8 36. hxg4 hxg4 37. Ke2 g3 38. Bf6 Kd7 39. Bh4 Kc7 40. Kd3 Bd7 41. Kc2 Kb7 42. Kb3 Bc8 43. Kc2 Bd7 44. Kd2 Kc7 45. Ke2 Bc8 46. Be7 Bd7 47. Bf8 Bc8 48. Kf1 Bd7 49. Be7 Bc8 50. Bh4 Bd7 51. Ke1 Bc8 52. Kd2 Bd7 1/2-1/2


[Site "https://www.chess.com"]

[Event "Titled Tuesday Blitz April 18 Late 2023"]
[White "Stanisz, Patryk"]
[Black "D`Arruda, Ricardo D."]
[WhiteFideId "1123106"]
[BlackFideId "100692"]
[WhiteElo "2069"]
[BlackElo "2436"]
[Result "0-1"]
[Round "02"]
[TimeControl "180+2"]
[Date "2023.04.18"]
[WhiteClock "0:01:44"]
[BlackClock "0:02:07"]

1. d4 Nf6 2. c4 e5 3. dxe5 Ne4 4. e3 Nc6 5. a3 d6 6. exd6 Bxd6 7. Bd3 Bf5 8. Nf3 Qf6 9. Qc2 Qe7 10. Nbd2 Nxd2 11. Bxd2 Bxd3 12. Qxd3 O-O-O 13. Qf5+ Kb8 14. O-O-O Bxa3 15. bxa3 Qxa3+ 16. Kb1 Qb3+ 17. Kc1 Rd3 18. Ne5 Nxe5 19. Qxe5 Qxc4+ 0-1


[Site "https://www.chess.com"]